 Dungeon Crawl Stone Soup version 0.22.1-1-ga44c0e56f4 (webtiles) character file.

18554 ryzomster the Brawler (level 12, -20/114 HPs)
             Began as a Troll Berserker on Oct 10, 2018.
             Was a High Priest of Trog.
             Demolished by a skeletal warrior
             ... wielding a +0 halberd
             ... led by a death knight
              (24 damage)
             ... on level 12 of the Dungeon.
             The game lasted 00:44:31 (9522 turns).

ryzomster the Brawler (Troll Berserker)             Turns: 9522, Time: 00:44:31

Health: -20/114    AC:  9    Str: 38    XL:     12   Next: 28%
Magic:  11/11      EV: 12    Int:  6    God:    Trog [*****.]
Gold:   694        SH:  5    Dex:  9    Spells: 11/11 levels left

rFire    + . .     SeeInvis +     - Unarmed
rCold    . . .     Gourm    +   (no shield)
rNeg     . . .     Faith    .   g - +3 acid dragon scales
rPois    .         Spirit   .   D - +0 hat {Int+3}
rElec    .         Reflect  +   R - scarf {cloud immunity}
rCorr    +         Harm     .   (gloves unavailable)
MR       +....                  (boots unavailable)
Stlth    ++........             v - +5 amulet of reflection
HPRegen  0.69/turn              y - ring of see invisible
MPRegen  0.12/turn              G - ring "Icwepn" {rF+ MR+ Str+6}

@: berserk cooldown, slowed, very slow
A: large, unfitting armour, claws 3, blink, deformed body, fast metabolism 3,
gourmand, regeneration 1, shaggy fur 1, tough skin 2
a: Blink, Berserk, Trog's Hand, Brothers in Arms, Renounce Religion


You were on level 12 of the Dungeon.
You worshipped Trog.
Trog was extremely pleased with you.
You were very full.

You visited 1 branch of the dungeon, and saw 12 of its levels.

You collected 694 gold pieces.

Inventory:

Hand Weapons
 A - a cursed +3 flail of freezing
 H - a +2 mace of protection
 L - a +7 antimagic quick blade
 O - a +3 shortbow
 S - a +3 scimitar of flaming
 T - a +0 triple sword
Armour
 a - a +1 animal skin
 f - a +2 shield
 g - +3 acid dragon scales (worn)
 h - a +0 troll leather armour
 k - a +0 robe
 z - a +0 cloak
 D - a +0 hat of intelligence (worn)
 K - a +1 plate armour of magic resistance
 P - the cursed +1 leather armour of Yloghes {rCorr Dex+2, unknown}
   (You found it on level 9 of the Dungeon)

   It affects your dexterity (+2).
   It provides partial protection from all sources of acid and corrosion.
   It has a curse placed upon it.
 R - a scarf of cloud immunity (worn)
Jewellery
 v - a +5 amulet of reflection (around neck)
 w - a cursed -2 ring of protection
 y - a ring of see invisible (left claw)
 F - an uncursed ring of flight
 G - the ring "Icwepn" (right claw) {rF+ MR+ Str+6}
   (You took it off an orc wizard on level 8 of the Dungeon)

   [ring of strength]

   It affects your strength (+6).
   It protects you from fire.
   It affects your resistance to hostile enchantments.
 M - an uncursed ring of magical power
 V - a +2 ring of evasion {unknown}
Wands
 m - a wand of iceblast (24)
 t - a wand of random effects (97)
 x - a wand of paralysis (18)
 E - a wand of flame (36)
 J - a wand of acid (7)
 N - a wand of digging (31)
Scrolls
 d - 5 scrolls of identify
 i - a scroll of noise
 n - 4 scrolls of teleportation
 o - 8 scrolls of remove curse
 p - 3 scrolls of magic mapping
 q - a scroll of amnesia
 u - 2 scrolls of blinking
 B - a scroll of holy word {unknown}
 C - 3 scrolls of immolation
Potions
 c - a potion of ambrosia {unknown}
 e - a potion of haste
 j - 3 potions of curing
 l - a potion of magic
 r - 2 potions of degeneration
 s - 2 potions of brilliance
 I - 2 potions of might
 Q - a potion of heal wounds
Comestibles
 b - 18 rations


   Skills:
 + Level 6.3 Fighting
 + Level 3.3 Armour
 + Level 7.8 Dodging
 + Level 2.9 Stealth
 + Level 1.2 Shields
 + Level 15.2 Unarmed Combat


You had 11 spell levels left.
You didn't know any spells.
Your spell library was empty.

Dungeon Overview and Level Annotations

Branches:
Dungeon (12/15)            Temple (0/1) D:6            Lair (0/6) D:10
    Orc: D:9-12

Altars:
Ashenzari
Cheibriados
Fedhas
Gozag
Hepliaklqana
Kikubaaqudgha
Makhleb
Okawaru
Qazlal
Ru
Trog
Uskayaw
Vehumet
Wu Jian
Xom
Yredelemnul
The Shining One

Shops:
D:12 =

Annotations:
D:7 1 runed door, Venard's ghost, novice MfSk
D:8 exclusion: oklob plant


Innate Abilities, Weirdness & Mutations

You are too large for most types of armour.
You have claws for hands.
Your metabolism is lightning-fast.
You like to eat raw meat.
Your natural rate of healing is unusually fast.
You are covered in fur. (AC +1)
You have very tough skin. (AC +2)
You can translocate small distances at will.
Armour fits poorly on your strangely shaped body.


Message History

The freezing wraith hits you!
* * * LOW HITPOINT WARNING * * *
The freezing wraith freezes you!!
* * * LOW HITPOINT WARNING * * *
The freezing wraith hits you.
* * * LOW HITPOINT WARNING * * *
You are too berserk!
The skeletal warrior hits you from afar with a halberd!!
* * * LOW HITPOINT WARNING * * *
You feel a strong urge to attack something.
You are no longer berserk.
You are exhausted.
You feel yourself slow down. The freezing wraith barely misses you.
The freezing wraith hits you.
* * * LOW HITPOINT WARNING * * *
The freezing wraith drains your vigour!
You feel as though you will be slow longer.
There is an escape hatch in the floor here.
The skeletal warrior hits you from afar with a halberd!!
You die...

#.####)##.##.##.##.#
#######
#.#..........)..)..#
.......
#.#.##.##.##.##.##.#
.######
#.#.##.##.##)##.##.#
#....#..#..........#
#.##################
#...........z.#
###########W#.W.....
#@###..... #.# ...#
#.# .## #.. .. #.# #
#.# #.# #.#


You could see a skeletal warrior and a freezing wraith.

Vanquished Creatures
  Gastronok (D:8)
  2 two-headed ogres (D:12)
  Erica (D:9)
  3 death yaks
  An ogre mage (D:11)
  A death knight (D:12)
  2 slime creatures (D:12)
  A manticore (D:11)
  A deep elf mage (D:12)
  2 ugly things
  Maurice (D:8)
  Psyche (D:8)
  A centaur skeleton (D:10)
  A freezing wraith (D:12)
  2 trolls
  5 hippogriffs
  6 yaks (D:12)
  A wyvern (D:8)
  A steam dragon (D:8)
  2 hungry ghosts
  6 vampire mosquitoes
  An acid dragon (D:11)
  A soldier ant (D:12)
  A water moccasin (D:7)
  2 porcupines (D:9)
  2 eyes of draining (D:3)
  3 ice beasts
  A phantom (D:10)
  5 sky beasts
  3 orc warriors
  5 centaurs
  4 ogres
  6 bullfrogs
  6 scorpions
  A wight (D:11)
  3 howler monkeys (D:5)
  3 crimson imps
  A quasit (D:9)
  2 centaur zombies (D:7)
  8 orc priests
  6 jellies
  A bullfrog skeleton (D:7)
  6 hounds
  An iguana (D:7)
  Jessica (D:2)
  14 orc wizards
  9 worker ants
  2 hell rats (D:10)
  2 hound skeletons
  Robin (D:2)
  8 gnolls
  16 adders
  A howler monkey skeleton (D:10)
  3 shadow imps
  7 oozes
  A worm (D:2)
  5 dart slugs
  6 leopard geckos
  29 orcs
  2 ball pythons
  5 giant cockroaches
  25 goblins
  11 hobgoblins
  4 jackals
  4 quokkas
  9 bats
  6 frilled lizards
  3 kobolds
  2 quokka skeletons
  12 rats
302 creatures vanquished.

Notes
Turn   | Place    | Note
-------+----------+-------------------------------------------
     0 | D:1      | ryzomster the Troll Berserker began the quest for the Orb.
     0 | D:1      | Reached XP level 1. HP: 22/22 MP: 0/0
   137 | D:1      | Reached XP level 2. HP: 29/29 MP: 1/1
   263 | D:1      | Reached ** piety under Trog
   345 | D:1      | Reached XP level 3. HP: 36/36 MP: 2/2
   607 | D:2      | Noticed Jessica
   621 | D:2      | Killed Jessica
   621 | D:2      | Reached skill level 4 in Unarmed Combat
   621 | D:2      | Reached XP level 4. HP: 44/44 MP: 3/3
   817 | D:2      | Noticed Robin
   846 | D:2      | Killed Robin
   961 | D:2      | Reached *** piety under Trog
  1053 | D:2      | Reached XP level 5. HP: 50/52 MP: 4/4
  1348 | D:3      | Found a basalt altar of Yredelemnul.
  1386 | D:3      | Found a hazy altar of Hepliaklqana.
  1574 | D:3      | Noticed an eye of draining
  1575 | D:3      | Found a bloodstained altar of Trog.
  1575 | D:3      | Noticed an eye of draining
  1589 | D:3      | Killed an eye of draining
  1589 | D:3      | Reached skill level 5 in Unarmed Combat
  1592 | D:3      | Killed an eye of draining
  1592 | D:3      | Reached XP level 6. HP: 53/61 MP: 1/5
  1775 | D:4      | Reached skill level 6 in Unarmed Combat
  1786 | D:4      | Reached XP level 7. HP: 27/67 MP: 6/6
  2635 | D:5      | Entered Level 5 of the Dungeon
  2757 | D:5      | Found a burning altar of Makhleb.
  2779 | D:5      | Reached skill level 7 in Unarmed Combat
  2792 | D:5      | Found a sacrificial altar of Ru.
  3042 | D:5      | Reached **** piety under Trog
  3259 | D:5      | Reached XP level 8. HP: 57/78 MP: 7/7
  3566 | D:6      | Reached skill level 8 in Unarmed Combat
  3725 | D:6      | Found an iron altar of Okawaru.
  3768 | D:6      | Reached skill level 5 in Dodging
  4033 | D:6      | Found a staircase to the Ecumenical Temple.
  4105 | D:6      | You fall through a shaft for 2 floors!
  4151 | D:8      | Reached skill level 1 in Stealth
  4240 | D:8      | Reached skill level 9 in Unarmed Combat
  4251 | D:8      | Noticed Gastronok
  4286 | D:8      | Killed Gastronok
  4286 | D:8      | Reached skill level 11 in Unarmed Combat
  4286 | D:8      | Reached XP level 9. HP: 68/85 MP: 8/8
  4321 | D:8      | Found an ornate altar of the Wu Jian Council.
  4321 | D:8      | Noticed an oklob plant
  4330 | D:8      | Got a faintly glowing pewter ring
  4361 | D:8      | Noticed Maurice
  4380 | D:8      | Killed Maurice
  4380 | D:8      | Reached XP level 10. HP: 94/94 MP: 9/9
  4657 | D:8      | Reached ***** piety under Trog
  4811 | D:8      | Noticed Psyche
  4821 | D:8      | Reached skill level 12 in Unarmed Combat
  4829 | D:8      | Killed Psyche
  4841 | D:8      | Identified the ring "Icwepn" {rF+ MR+ Str+6} (You took it
                  | off an orc wizard on level 8 of the Dungeon)
  5062 | D:7      | Found an iron altar of Okawaru.
  5063 | D:7      | Found a hide-covered altar of Uskayaw.
  5341 | D:7      | Found a runed door.
  5341 | D:7      | Found a shimmering altar of Xom.
  5341 | D:7      | Noticed a short sword of chaos
  5341 | D:7      | Noticed Venard's ghost (novice MfSk)
  5501 | D:7      | Reached skill level 5 in Fighting
  5875 | D:6      | You fall through a shaft!
  5982 | D:6      | Found a shattered altar of Ashenzari.
  5987 | D:6      | Found a blossoming altar of Fedhas.
  5988 | D:6      | Found a stormy altar of Qazlal.
  5989 | D:6      | Found an opulent altar of Gozag.
  5989 | D:6      | Found a snail-covered altar of Cheibriados.
  5989 | D:6      | Found a shimmering altar of Xom.
  5990 | D:6      | Found a glowing golden altar of the Shining One.
  5991 | D:6      | Found a radiant altar of Vehumet.
  6243 | D:9      | Got a smoking leather armour
  6362 | D:9      | Found an ancient bone altar of Kikubaaqudgha.
  6420 | D:9      | Reached skill level 13 in Unarmed Combat
  6719 | D:9      | Noticed Erica
  6723 | D:9      | Killed Erica
  6984 | D:10     | Entered Level 10 of the Dungeon
  7010 | D:10     | Noticed a death yak
  7013 | D:10     | Noticed a death yak
  7015 | D:10     | Noticed a death yak
  7226 | D:9      | Gained mutation: You are agile. (Dex +2) [potion of
                  | mutation]
  7226 | D:9      | Gained mutation: Armour fits poorly on your strangely
                  | shaped body. [potion of mutation]
  7226 | D:9      | Lost mutation: You are agile. (Dex +2) [potion of mutation]
  7226 | D:9      | Gained mutation: You can translocate small distances at
                  | will. [potion of mutation]
  7262 | D:10     | Killed a death yak
  7262 | D:10     | Reached XP level 11. HP: 39/104 MP: 10/10
  7392 | D:9      | Killed a death yak
  7555 | D:10     | Killed a death yak
  7612 | D:10     | Found a staircase to the Lair.
  7722 | D:10     | Reached skill level 14 in Unarmed Combat
  8107 | D:11     | Noticed an eight-headed hydra
  8108 | D:11     | Noticed an ogre mage
  8349 | D:11     | Noticed a green ugly thing
  8355 | D:11     | Killed a green ugly thing
  8584 | D:11     | Killed an ogre mage
  8614 | D:11     | Reached skill level 1 in Armour
  8765 | D:12     | Noticed a brown ugly thing
  8780 | D:12     | Killed a brown ugly thing
  8780 | D:12     | Received a gift from Trog
  8848 | D:12     | Found a shattered altar of Ashenzari.
  9098 | D:12     | Noticed a two-headed ogre
  9102 | D:12     | Killed a two-headed ogre
  9102 | D:12     | Reached XP level 12. HP: 114/114 MP: 11/11
  9177 | D:12     | Found Oqoelatann's Jewellery Emporium.
  9384 | D:12     | Reached skill level 15 in Unarmed Combat
  9396 | D:12     | Reached skill level 1 in Shields
  9452 | D:12     | Noticed a two-headed ogre
  9460 | D:12     | Killed a two-headed ogre
  9503 | D:12     | Noticed a death knight
  9515 | D:12     | Killed a death knight
  9519 | D:12     | HP: 7/171 [skeletal warrior/halberd[a death knight] (21)]
  9521 | D:12     | HP: 3/114 [freezing wraith[a death knight] (4)]
  9522 | D:12     | Demolished by a skeletal warrior

Skill      XL: |  1  2  3  4  5  6  7  8  9 10 11 12 |
---------------+-------------------------------------+-----
Dodging        | 3 4 5 6 7 |  7.8
Unarmed Combat | 4 5 6 7 11 13 14 15 | 15.2
Fighting       | 3 4 5 6 |  6.3
Stealth        | 1 2 |  2.9
Armour         | 2 3 |  3.3
Shields        | 1 |  1.2

Action                   |  1- 3 |  4- 6 |  7- 9 | 10-12 || total
-------------------------+-------+-------+-------+-------++-------
Melee: Unarmed           |    78 |   163 |   159 |   448 ||   848
       Punch             |       |     2 |     3 |    34 ||    39
Invok: Berserk           |       |     1 |     2 |     4 ||     7
       Brothers in Arms  |       |       |       |     1 ||     1
 Abil: Blink             |       |       |       |     1 ||     1
  Use: Potion            |       |     1 |     3 |    19 ||    23
       Scroll            |       |       |     2 |    25 ||    27
 Stab: Sleeping          |       |       |       |     4 ||     4
  Eat: Chunk             |     5 |    13 |    19 |    36 ||    73
       Ration            |       |       |     3 |    10 ||    13
Armor: Animal skin       |    33 |    92 |    25 |    66 ||   216
       Skin              |       |     2 |       |       ||     2
       Acid dragon scale |       |       |       |    55 ||    55
Dodge: Dodged            |    51 |   135 |    62 |   226 ||   474
Block: Other             |       |       |       |    21 ||    21
       Reflection        |       |       |       |     2 ||     2
